Khor, lawful female elven Ranger --------- |.......| |.......| |...@...| |..@@...| | |..%.@..| | |. ----.---- .| |.....%%......| -.........- -----|----- ....... ....... ----- ....... |..... ....... --...- ..%.%..--....| ----|----...--- ........))....| --------------- Khor the Scout Experience level: 16 Strength: 18 Dexterity: 18 Constitution: 16 Intelligence: 17 Wisdom: 20 Charisma: 14 Health: 194(209) Energy: 116(116) AC: -17 Gold: 0 Moves: 39577 Your Inventory: Amulets z - an uncursed amulet of life saving (being worn) M - a blessed amulet of life saving Weapons w - the blessed rustproof +7 Stormbringer (weapon in hand) Armor n - an uncursed very rusty +4 helmet of displacement and warning o - a blessed thoroughly burnt +5 cloak of magic resistance (being worn) p - a blessed +4 T-shirt (being worn) r - an [uncursed] thoroughly burnt +0 small shield (being worn) x - a blessed +5 leather armor of reflection (being worn) D - an uncursed fireproof +4 pair of speed boots (being worn) I - a cursed -3 helm of opposite alignment (being worn) J - an uncursed fireproof +4 pair of leather gloves of brilliance and stealth (being worn) Comestibles A - 2 uncursed lizard corpses Rings e - an uncursed ring of free action C - an uncursed ring of conflict (on left hand) L - an uncursed ring of levitation S - an uncursed ring of slow digestion (on right hand) Wands f - an uncursed wand of teleportation (0:3) g - an uncursed wand of striking [0:0] h - an uncursed wand of digging [0:5] i - an uncursed wand of digging [0:7] j - an uncursed wand of fire (0:1) m - an uncursed wand of death (1:0) t - an uncursed wand of teleportation (0:7) u - an uncursed wand of teleportation (0:5) y - an uncursed wand of fire (0:2) G - an uncursed wand of lightning (0:0) N - an [uncursed] wand of lightning [0:3] U - a blessed wand of death (1:3) V - an uncursed wand of make invisible [0:6] W - an uncursed wand of teleportation (0:7) X - an uncursed wand of teleportation (0:3) Y - an uncursed wand of fire (0:3) Tools a - a blessed +0 unicorn horn b - a blessed bag called bag of holding [of holding] k - an uncursed key [skeleton key] l - a blessed [magic] lamp called magic (lit) s - an uncursed stethoscope E - an uncursed expensive camera (0:95) F - the uncursed Bell of Opening (0:2) H - an uncursed magic marker (0:7) P - an uncursed magic marker (0:65) R - the blessed Candelabrum of Invocation (7 candles attached) (0:388) T - an uncursed towel Gems Q - a blessed luckstone Contents of the bag of holding: a blessed fireproof +2 elven dagger of fire 7 uncursed +0 thirsty arrows an uncursed [+0] thirsty elven dagger 9 uncursed C-rations 10 uncursed K-rations an uncursed eucalyptus leaf an uncursed scroll of earth a cursed scroll of earth a blessed scroll of enchant weapon an uncursed scroll of enchant weapon a blessed scroll of gold detection 2 uncursed scrolls of gold detection 2 uncursed scrolls of identify a [blessed] scroll of identify 2 uncursed scrolls of remove curse 2 blessed scrolls of teleportation 3 uncursed scrolls of teleportation 4 uncursed unlabeled scrolls [of blank paper] 2 [uncursed] blood-red potions [of blood] 5 blessed potions called water [of holy water] an uncursed potion called water [of water] 2 [cursed] potions of full healing 3 [uncursed] potions of full healing an uncursed wand of digging [0:6] an uncursed wand of digging [0:5] an uncursed wand of digging [0:8] an uncursed wand of digging [0:6] an uncursed wand of digging [0:6] an uncursed wand of digging [0:4] an uncursed wand of digging [0:4] an uncursed wand of digging [0:4] an uncursed wand of fire (0:7) an uncursed wand of fire [0:5] an uncursed wand of fire [0:5] an uncursed wand of fire [0:4] a cursed wand of fire [0:5] a cursed wand of fire [0:3] an uncursed wand of lightning [0:2] an uncursed wand of lightning [0:3] an uncursed wand of striking [0:4] an uncursed wand of striking [0:4] an uncursed wand of teleportation (0:6) an uncursed wand of teleportation [0:8] Spells known in the end: Name Level Category Fail Memory a - confuse monster 2* enchantment 71% [........] Your skills at the end: Fighting Skills body armor [Skilled / Skilled] shield [Skilled / Skilled] Weapon Skills dagger [Skilled / Expert] broadsword [Basic / Basic] bow [Basic / Expert] Spellcasting Skills Final Attributes: You were piously aligned. Hunger level was 492. Your alignment was 207 / 207. Monster difficulty range was 17 - 57. Level difficulty was 71. You resisted fire. You resisted cold. You were immune to sleep. You resisted electricity. You resisted poison. You were immune to level-drain. You were magic-protected. You saw invisible. You were telepathic. You had automatic searching. You had infravision. You were invisible to others. You were stealthy. You caused conflict. You had slower digestion. You were very fast. You had reflection. Your life would have been saved. You were lucky (3). You had extra luck. Good luck did not time out for you. You survived. Vanquished creatures: Cthulhu Orcus Yeenoghu Juiblex The Wizard of Yendor (5 times) Pestilence Vlad the Impaler 8 arch-liches 4 mastodons Medusa 4 krakens 6 iron golems 8 master liches 3 chromatic dragons 2 storm giants 3 titans 9 balrogs 16 purple worms 13 gold dragons 9 drakens 13 amphiteres 9 tatzelworms 10 lindworms 11 guivres 11 leviathans 15 sarkanies 15 wyverns 12 sirrushes 4 minotaurs 18 jabberwocks Scorpius 5 baluchitheria 6 Angels 2 demiliches 4 stone golems 7 master mind flayers 28 Olog-hai 2 Nazgul 12 pit fiends 3 sandestins 10 hell hounds a titanothere 4 trappers a baby gold dragon a baby leviathan a baby sarkany a baby wyvern a baby sirrush 7 disenchanters 53 vampire lords 5 skeletons a shopkeeper 11 aligned priests 7 captains 6 shades 13 liches 4 clay golems 16 nurses 10 ice devils 12 nalfeshnees 4 lurkers above a frost giant 3 ettins a golden naga a black pudding 52 vampires 5 lieutenants 57 ghosts a queen bee 3 locusts a winged gargoyle 3 mind flayers 7 giant mimics 4 zruties 7 fire giants 4 ogre kings 12 ice trolls 13 rock trolls 4 umber hulks 2 flesh golems 4 Elvenkings a doppelganger 29 hezrous 21 bone devils a large mimic 3 wumpuses 4 fire vortices 3 baby long worms 16 long worms 12 stalkers 5 air elementals 8 fire elementals 7 earth elementals 5 water elementals 5 hill giants 3 giant mummies 5 black nagas 6 xorns 33 giant zombies 7 elf-lords 21 sergeants 13 barbed devils 22 vrocks 4 salamanders 17 wargs 2 winter wolves a hell hound pup 6 small mimics 2 glass piercers a rodent of unusual size 3 warhorses 6 steam vortices 10 xans 2 ettin mummies 6 ogre lords 9 quantum mechanics 24 trolls 2 sasquatches a wood golem 3 erinyes 11 mariliths 7 sharks 5 giant turtles 8 gelatinous cubes 5 pyrolisks 4 large dogs a freezing sphere 6 flaming spheres 4 shocking spheres 5 large cats 5 tigers 4 gargoyles 3 dwarf kings 21 tengu 8 ochre jellies 4 leocrottas 7 energy vortices 37 mountain centaurs 10 stone giants an elf mummy 2 human mummies 5 green slimes 13 pit vipers 3 pythons 5 cobras 71 wraiths 6 carnivorous apes 34 ettin zombies 3 leather golems 3 Grey-elves 50 soldiers 23 horned devils 9 succubi 10 incubi 3 chameleons 3 crocodiles 5 giant beetles 3 quivering blobs 11 cockatrices 2 wolves 6 winter wolf cubs 2 lynxes a panther a gremlin 3 spotted jellies 37 leprechauns 2 orc-captains an iron piercer 3 mumakil 27 giant spiders 34 scorpions 5 horses 3 ice vortices 5 black lights 11 vampire bats 58 forest centaurs 3 gnome kings 7 orc mummies 3 dwarf mummies 3 ogres 4 brown puddings 5 rust monsters 8 owlbears 9 yetis 3 werewolves a Green-elf 2 piranhas 12 giant eels 11 lizards 4 chickatrices 2 dingos 4 housecats 4 jaguars 5 dwarf lords 2 blue jellies 2 white unicorns 2 gray unicorns a black unicorn 7 dust vortices 12 ravens 27 plains centaurs 7 snakes 10 apes 40 human zombies 3 rope golems 2 Woodland-elves 11 soldier ants 3 fire ants 21 snow ants 21 bugbears an imp 111 lemures 7 quasits 4 wood nymphs 3 water nymphs 4 mountain nymphs 3 Mordor orcs 9 Uruk-hai 4 orc shamans 4 rock piercers 2 enormous rats a rock mole 5 ponies 6 fog clouds 9 yellow lights 4 shriekers 4 violet fungi 25 gnome lords 3 gnomish wizards 4 kobold mummies a red naga hatchling 6 black naga hatchlings 4 gray oozes 5 barrow wights 32 elf zombies 21 ghouls 3 straw golems 5 wax golems 3 jellyfish 2 baby crocodiles 33 giant ants a little dog 13 floating eyes 2 kittens 23 dwarves 2 homunculi 2 kobold lords a kobold shaman 23 hill orcs 13 rothes 4 rabid rats 4 centipedes 7 giant bats 3 monkeys 33 orc zombies 20 dwarf zombies 3 wererats 2 werejackals 3 muggers 8 iguanas 28 killer bees 6 acid blobs 3 coyotes 3 gas spores 13 hobbits 20 manes 3 large kobolds 26 hobgoblins 6 giant rats 8 cave spiders a brown mold 2 yellow molds 103 gnomes 36 garter snakes 29 gnome zombies 8 geckos 13 jackals 4 foxes 3 kobolds 6 goblins 11 sewer rats 13 grid bugs 6 bats 9 lichens 24 kobold zombies 5 newts 2732 creatures vanquished. Genocided or extinct species: vorpal jabberwocks erinyes (extinct) 1 species genocided. 2 species extinct. Voluntary challenges: You used a wielded weapon 6725 times. You read items or engraved 85 times. You put on armor 79 times. You genocided 1 type of monster. You never polymorphed an object. You never changed form. You used no wishes. You wrote Elbereth's name 19 times. You encountered 2 bones levels. You used 1 Sokoban shortcut. Dungeon overview: The Dungeons of Doom: levels 1 to 27 Level 1 a fountain stairs to The Elemental Planes Level 2 an altar stairs to The Gnomish Mines Level 3 some altars Level 4 a tool shop, some fountains Level 5 an armor shop Level 7 a fountain Level 7 a music store stairs to Sokoban Level 8 a fountain stairs to Town Level 9 an altar, some fountains Level 11 a fountain Level 12 a fountain portal to The Quest Level 14 a fountain Level 16 an altar, some fountains, a sink Level 18 an altar Level 19 a fountain Level 21 a temple, a fountain Level 22 a fountain Level 23 portal to One-eyed Sam's Market Level 24 a sink Level 25 some fountains, many trees Level 27 a magic chest, a fountain, a throne Gehennom: levels 28 to 56 Level 28 a temple, a magic chest stairs to The Dungeons of Doom Level 32 some fountains Level 33 many fountains, a throne Level 34 a throne Level 37 a lighting shop, some altars to Mercury, a magic chest, a fountain, a throne stairs to The Dragon Caves Level 39 a throne Level 40 stairs to Vlad's Tower Level 43 portal to Gehennom Level 47 many trees Level 51 a magic chest Level 52 portal to Gehennom Level 56 a temple The Gnomish Mines: levels 3 to 11 Level 3 stairs to The Dungeons of Doom Level 5 many shops, a temple, a magic chest, some fountains Level 11 a fountain The Quest: levels 1 to 5 Level 1 a magic chest, many trees portal to The Dungeons of Doom Level 2 many trees Level 5 an altar to Mercury, many trees Sokoban: levels 4 to 6 Level 6 a magic chest stairs to The Dungeons of Doom Town: levels 5 to 7 Level 5 some shops, some fountains, a sink Level 6 many fountains, many trees Level 7 stairs to The Dungeons of Doom One-eyed Sam's Market: Level 1 portal to The Dungeons of Doom Vlad's Tower: levels 36 to 39 Level 36 a throne Level 39 many trees stairs to Gehennom The Dragon Caves: levels 38 to 41 Level 38 many trees stairs to Gehennom Level 39 a jewelry store, many trees Level 40 many trees Level 41 many trees The Elemental Planes: Astral Plane <- You were here a temple to Mercury Plane of Water portal to The Elemental Planes Plane of Air portal to The Elemental Planes Plane of Earth portal to The Elemental Planes Plane of Fire portal to The Elemental Planes History has recorded: On T:1 you entered the Dungeons of Doom to retrieve the Amulet of Yendor! On T:394 you advanced to experience level 2. On T:412 you reached level 2 of The Dungeons of Doom. On T:514 you reached level 3 of The Dungeons of Doom. On T:618 you advanced to experience level 3. On T:671 you reached level 1 of The Gnomish Mines. On T:712 you advanced to experience level 4. On T:797 you advanced to experience level 5. On T:1000 you advanced to experience level 6. On T:1619 you reached level 2 of The Gnomish Mines. On T:1739 you advanced to experience level 7. On T:2188 you reached level 3 of The Gnomish Mines. On T:2680 you advanced to experience level 8. On T:2712 you received Stormbringer from Mars. On T:3129 you reached level 4 of The Gnomish Mines. On T:3880 you reached level 4 of The Dungeons of Doom. On T:4010 you reached level 5 of The Dungeons of Doom. On T:4589 you received a fireproof elven dagger of fire from Mars. On T:4876 you reached level 6 of The Dungeons of Doom. On T:5627 you reached level 7 of The Dungeons of Doom. On T:5673 you reached level 3 of Sokoban. On T:5886 you reached level 2 of Sokoban. On T:6338 you advanced to experience level 9. On T:6367 you reached level 1 of Sokoban. On T:7293 you reached level 8 of The Dungeons of Doom. On T:7459 you reached level 9 of The Dungeons of Doom. On T:7615 you reached level 3 of Town. On T:8036 you reached level 10 of The Dungeons of Doom. On T:8162 you reached level 11 of The Dungeons of Doom. On T:9212 you advanced to experience level 10. On T:9238 you reached level 12 of The Dungeons of Doom. On T:9469 you reached level 1 of The Quest. On T:9530 you reached level 13 of The Dungeons of Doom. On T:9859 you reached level 14 of The Dungeons of Doom. On T:9938 you reached level 15 of The Dungeons of Doom. On T:10175 you reached level 18 of The Dungeons of Doom. On T:10220 you reached level 19 of The Dungeons of Doom. On T:10237 you reached level 17 of The Dungeons of Doom. On T:10581 you reached level 16 of The Dungeons of Doom. On T:11522 you reached level 5 of The Gnomish Mines. On T:11763 you reached level 6 of The Gnomish Mines. On T:11969 you reached level 7 of The Gnomish Mines. On T:12227 you reached level 8 of The Gnomish Mines. On T:12476 you reached level 9 of The Gnomish Mines. On T:13451 you reached level 2 of Town. On T:13552 you reached level 1 of Town. On T:13909 you advanced to experience level 12. On T:14613 you reached level 20 of The Dungeons of Doom. On T:14866 you genocided all vorpal jabberwocks On T:14975 you reached level 21 of The Dungeons of Doom. On T:15214 you reached level 22 of The Dungeons of Doom. On T:15453 you reached level 23 of The Dungeons of Doom. On T:15513 you reached level 24 of The Dungeons of Doom. On T:18283 you reached level 25 of The Dungeons of Doom. On T:18392 you killed Medusa on level 25 of The Dungeons of Doom. On T:18392 you advanced to experience level 13. On T:18445 you reached level 26 of The Dungeons of Doom. On T:18838 you reached The Castle. On T:21391 you reached The Valley of the Dead. On T:21887 you advanced to experience level 14. On T:22660 you embarked upon an epic quest. On T:22669 you reached level 2 of The Quest. On T:22905 you reached level 3 of The Quest. On T:23190 you reached level 4 of The Quest. On T:23428 you reached level 5 of The Quest. On T:23930 you killed Scorpius on level 5 of The Quest. On T:24063 you completed the quest! On T:24769 you reached level 2 of Gehennom. On T:25037 you reached level 3 of Gehennom. On T:25400 you reached level 4 of Gehennom. On T:25754 you reached level 5 of Gehennom. On T:25883 you killed Juiblex on level 5 of Gehennom. On T:26105 you reached level 6 of Gehennom. On T:26872 you reached level 7 of Gehennom. On T:27193 you reached level 8 of Gehennom. On T:27628 you reached level 9 of Gehennom. On T:28009 you reached level 10 of Gehennom. On T:28576 you killed Orcus on level 10 of Gehennom. On T:28662 you advanced to experience level 15. On T:28896 you reached level 1 of The Dragon Caves. On T:29204 you reached level 2 of The Dragon Caves. On T:29605 you reached level 3 of The Dragon Caves. On T:29932 you reached level 4 of The Dragon Caves. On T:30743 you reached level 11 of Gehennom. On T:31157 you reached level 12 of Gehennom. On T:31166 you killed Yeenoghu on level 12 of Gehennom. On T:31479 you reached level 13 of Gehennom. On T:31563 you reached level 4 of Vlad's Tower. On T:32378 you reached level 14 of Gehennom. On T:32490 you reached level 3 of Vlad's Tower. On T:32544 you reached level 2 of Vlad's Tower. On T:32561 you reached level 1 of Vlad's Tower. On T:32706 you killed Vlad the Impaler on level 1 of Vlad's Tower. On T:33126 you reached level 15 of Gehennom. On T:33432 you reached level 16 of Gehennom. On T:33633 you reached level 17 of Gehennom. On T:33769 you reached level 18 of Gehennom. On T:33867 you reached level 19 of Gehennom. On T:34046 you reached level 20 of Gehennom. On T:34126 you reached level 21 of Gehennom. On T:34317 you reached level 22 of Gehennom. On T:34381 you reached level 23 of Gehennom. On T:34526 you reached level 24 of Gehennom. On T:34823 you reached level 25 of Gehennom. On T:35155 you reached level 26 of Gehennom. On T:35415 you reached level 27 of Gehennom. On T:35555 you reached level 28 of Gehennom. On T:36197 you advanced to experience level 16. On T:36630 you killed Wizard of Yendor on level 14 of Gehennom. On T:36979 you performed the invocation. On T:36979 you reached level 29 of Gehennom. On T:37397 you killed Cthulhu on level 29 of Gehennom. On T:37398 you gained the Amulet of Yendor! On T:38355 you killed Wizard of Yendor on level 5 of Gehennom. On T:38588 you killed Wizard of Yendor in The Castle. On T:38719 you reached level 1 of One-eyed Sam's Market. On T:38779 you killed Wizard of Yendor on level 21 of The Dungeons of Doom. On T:39263 you reached the Plane of Fire. On T:39264 you killed Wizard of Yendor on the Plane of Fire. On T:39283 you reached the Astral Plane. On T:39407 you reached the Plane of Air. On T:39471 you reached the Plane of Water. On T:39507 you reached the Astral Plane. On T:39562 you killed Pestilence on the Astral Plane. On T:39577 you lost the Amulet of Yendor. On T:39577 you offered the Amulet of Yendor to Mercury and ascended to the status of Demigoddess! Latest messages: Eve the Roamer swings her mace at the minotaur. Eve the Roamer hits the minotaur. The minotaur is killed! You take off an uncursed very rusty +4 helmet of displacement and warning (being worn). Eve the Roamer swings her mace at the high priestess of Mercury. Eve the Roamer hits the high priestess of Mercury. The high priestess of Mercury swings her mace at Eve the Roamer. The high priestess of Mercury hits Eve the Roamer. (2x) You hear a chugging sound. You wear an uncursed -3 helm of opposite alignment. The helm of opposite alignment glows black for a moment. Your mind oscillates briefly. Oops; that feels deathly cold. You offer the Amulet of Yendor to Mercury... An invisible choir sings, and you are bathed in radiance... The voice of Mercury rings out: "Congratulations, mortal!" "In return for thy service, I grant thee the gift of Immortality!" You ascend to the status of Demigoddess... Final status: Goodbye Khor the Demigoddess... You went to your reward with 105528 points, Stormbringer (worth 8000 zorkmids and 20000 points) The Bell of Opening (worth 5000 zorkmids and 12500 points) The Candelabrum of Invocation (worth 5000 zorkmids and 12500 points) 2 amulets of life saving (worth 300 zorkmids), and 0 pieces of gold, after 39577 moves. You were level 16 with a maximum of 209 hit points when you ascended.